 Dungeon Crawl Stone Soup version 0.19-a0-1589-ge51c82a (webtiles) character file.

240 JeffiDaFish the Firebug (level 5, -1/41 HPs)
             Began as a Draconian Fire Elementalist on Sept 16, 2016.
             Killed from afar by an orc wizard (5 damage)
             ... with a magic dart
             ... on level 4 of the Dungeon.
             The game lasted 00:18:57 (3366 turns).

JeffiDaFish the Firebug (DrFE)                      Turns: 3366, Time: 00:18:57

Health: -1/41      AC:  5    Str: 10    XL:     5   Next: 79%
Magic:  3/8        EV: 12    Int: 17    God:
Gold:   207        SH:  0    Dex: 11    Spells: 3 memorised, 2 levels left

rFire  . . .     SeeInvis .     h - +0 hand axe (freeze)
rCold  . . .     Gourm    .     (armour unavailable)
rNeg   . . .     Faith    .     (no shield)
rPois  .         Spirit   .     (helmet restricted)
rElec  .         Dismiss  .     (no cloak)
rCorr  +         Reflect  .     (no gloves)
MR     .....     Harm     .     (no boots)
Stlth  ++........               f - amulet of regeneration
                                (no ring)
                                i - ring of resist corrosion

@: no status effects
A: unfitting armour, hooves 2, stinger 1, cold-blooded, AC +5
a: no special abilities


You were on level 4 of the Dungeon.
You were hungry.

You visited 1 branch of the dungeon, and saw 4 of its levels.

You collected 207 gold pieces.

Inventory:

Hand Weapons
 e - a +1 hand axe
 h - a +0 hand axe of freezing (weapon)
Jewellery
 f - an amulet of regeneration (around neck)
 i - a ring of resist corrosion (left hand)
Scrolls
 g - 4 scrolls of remove curse
 j - 4 scrolls of identify
 k - a scroll of enchant weapon
Potions
 c - a potion of curing
 d - 2 potions of flight
 l - a potion of heal wounds {unknown}
Books
 a - a book of Flames

   Spells                             Type                      Level
   a - Flame Tongue                   Conjuration/Fire             1
   b - Throw Flame                    Conjuration/Fire             2
   c - Conjure Flame                  Conjuration/Fire             3
   d - Inner Flame                    Hexes/Fire                   3
   e - Sticky Flame                   Conjuration/Fire             4
   f - Fireball                       Conjuration/Fire             5
Comestibles
 b - 2 bread rations
 m - 11 chunks of flesh


   Skills:
 + Level 1.9 Fighting
 + Level 2.3 Axes
 + Level 2.5 Dodging
 + Level 2.7 Stealth
 + Level 2.5 Spellcasting
 * Level 2.1 Conjurations
 + Level 3.9 Fire Magic


You had 2 spell levels left.
You knew the following spells:

 Your Spells              Type           Power        Failure   Level  Hunger
a - Flame Tongue          Conj/Fire      ##...        6%          1    #......
b - Throw Flame           Conj/Fire      ##....       10%         2    ##.....
c - Sticky Flame          Conj/Fire      ##......     58%         4    #####..


Dungeon Overview and Level Annotations

Branches:
Dungeon (4/15)
 Temple: D:4-7

Altars:


Innate Abilities, Weirdness & Mutations

Your plain brown scales are hard. (AC +5)
Your body does not fit into most forms of armour.
You are cold-blooded and may be slowed by cold attacks.
You have hoof-like feet.
Your tail ends in a poisonous barb.


Message History

Beogh smites you!
* * * LOW HITPOINT WARNING * * *
You feel better. The orc wizard hits you with a dagger.
* * * LOW HITPOINT WARNING * * *
The orc wizard closely misses you.
The orc priest looks satisfied for a moment.
The orc wizard hits you but does no damage.
Casting: Throw Flame
Confirm with . or Enter, or press ? or * to list all spells.
Aiming: Flame Tongue
Press: ? - help, Shift-Dir - straight line, f - orc wizard
Aim: an orc wizard, wielding a dagger and wearing a robe (heavily wounded, fast)
The flame tongue hits the orc wizard.
The orc wizard is severely wounded.
The orc wizard misses you. The orc wizard barely misses you.
The orc priest hits you with a war axe!
* * * LOW HITPOINT WARNING * * *
The orc wizard casts a spell at you. The magic dart hits you!
You die...

#####..# ...+ #.....
...##..##...# #.....
...........#################.....
...........#................#####
...###'##'##................#....
####...)....................#....
............................###'#
............#'##############.....
............#..o@.....#....'.....
........##+##..o.o....#....#.....
........# #..###)...###..#.....
##'#....# .#######....###..######
...###### .................#.....
.......# .................#.....
.......# .................#.....
.####.########+####...###..####..
.####.###..##...####+####..####..


You could see an orc priest and 2 orc wizards.

Vanquished Creatures
  An orc priest (D:4)
  2 worker ants (D:4)
  3 gnolls (D:3)
  3 adders
  An ooze (D:1)
  5 worms
  4 dart slugs
  A leopard gecko (D:3)
  4 orcs
  A ball python (D:2)
  3 giant cockroaches
  8 goblins
  5 hobgoblins
  11 jackals
  9 kobolds
  7 bats
  8 frilled lizards
  5 rats
81 creatures vanquished.

Notes
Turn   | Place    | Note
-------+----------+-------------------------------------------
     0 | D:1      | JeffiDaFish the Draconian Fire Elementalist began the quest for the Orb.
     0 | D:1      | Reached XP level 1. HP: 14/14 MP: 3/3
    60 | D:1      | Gained mutation: Your tail ends in a poisonous barb. [potion of mutation]
    60 | D:1      | Gained mutation: You have large cloven feet. [potion of mutation]
    60 | D:1      | Gained mutation: You have hoof-like feet. [potion of mutation]
   254 | D:1      | Reached XP level 2. HP: 20/20 MP: 1/5
   268 | D:1      | Learned a level 2 spell: Throw Flame
  1203 | D:2      | Reached XP level 3. HP: 13/26 MP: 2/6
  1212 | D:2      | Reached skill level 1 in Axes
  2028 | D:2      | Reached XP level 4. HP: 34/34 MP: 5/7
  2184 | D:3      | Reached skill level 1 in Fighting
  2553 | D:3      | Reached XP level 5. HP: 40/40 MP: 2/8
  2562 | D:3      | Learned a level 4 spell: Sticky Flame
  3366 | D:4      | Killed from afar by an orc wizard

Vault maps used:
D:1:      kennysheep_arrival_forest, minmay_octomino_j4

Skill      XL: |  1  2  3  4  5 |
---------------+----------------+-----
Stealth        | 2 |  2.7
Dodging        | 2 |  2.5
Axes           | 1 2 |  2.3
Fighting       | 1 |  1.9
Conjurations   | 2 |  2.1
Spellcasting   | |  2.5
Fire Magic     | |  3.9

Action                   |  1- 3 |  4- 6 || total
-------------------------+-------+-------++-------
Melee: Unarmed           |    13 |       ||    13
       Hand axe          |   116 |    81 ||   197
       Kick              |    18 |    11 ||    29
       Tailslap          |    10 |     6 ||    16
 Cast: Flame Tongue      |    25 |    34 ||    59
       Throw Flame       |     6 |     5 ||    11
  Use: Scroll            |     9 |     1 ||    10
       Potion            |     2 |     4 ||     6
 Stab: Sleeping          |     1 |       ||     1
  Eat: Chunk             |     5 |     4 ||     9
Armor: Skin              |    45 |    31 ||    76
Dodge: Dodged            |   110 |    98 ||   208
